Description

Serral defeats Shin with a 2 base Roach timing attack.

VOD

https://www.youtube.com/watch?v=nTfqdTNFKWI

Replay - Serral v SHIN: Game 3 - [ESL] Ghost River

Build Order

Get SALT Encoding   

  12  0:00  Drone  
  13  0:07  Drone  
  14  0:14  Extractor, Drone  
  15  0:36  Hatchery  
  15  0:41  Extractor  
  15  0:42  Drone  
  14  0:47  Overlord  
  15  1:02  Spawning Pool  
  14  1:05  Drone x2  
  16  1:12  Drone x2  
  18  1:26  Extractor  
  18  1:28  Drone  
  18  1:38  Drone  
  19  1:48  Queen x2  
  19  1:49  Drone x2  
  25  1:58  Drone  
  25  1:59  Overlord  
  26  2:09  Drone x2  
  28  2:20  Drone x2  
  30  2:24  Queen x2  
  34  2:30  Drone  
  34  2:33  Overlord  
  35  2:41  Drone  
  35  2:43  Overlord  
  36  2:52  Drone x2  
  36  2:57  Drone x6  
  44  3:09  Lair  
  44  3:10  Drone x2  
  46  3:14  Evolution Chamber  
  46  3:16  Extractor x2  
  46  3:18  Drone x2  
  45  3:21  Roach Warren  
  44  3:27  Drone x6  
  51  3:34  Drone  
  51  3:40  Evolution Chamber  
  50  3:41  Zerg Missile Weapons Level 1  
  50  3:43  Overlord  
  50  3:45  Extractor, Drone x2  
  51  3:51  Drone  
  51  3:54  Overlord  
  52  4:02  Drone  
  53  4:05  Roach x3  
  53  4:08  Glial Reconstitution  
  53  4:09  Overlord  
  59  4:10  Overseer  
  59  4:15  Roach x4  
  67  4:29  Roach x2  
  71  4:35  Overlord x2  
  71  4:36  Roach x2  
  74  4:53  Roach  
  74  4:55  Overlord  
  74  4:59  Roach x3  
  82  5:05  Drone, Overseer  
  82  5:06  Overlord x2  
  83  5:08  Roach x4  
  91  5:18  Roach x2  
  93  5:22  Overlord  
  93  5:27  Overlord  
  93  5:32  Roach  
  93  5:35  Ravager x6  
  96  5:38  Roach x7  
  112  5:46  Roach  
  116  5:54  Roach  
  118  5:59  Roach x2, Hatchery  
  121  6:10  Roach x5  
  123  6:16  Roach  
  129  6:23  Roach x3  
Spawning Tool Build Advisor. Get it on Overwolf

Go to:

Details

  • Created by: ruppe2
  • Published on: Jul 18, 2024
  • Modified on: Jul 18, 2024
  • Patch: 5.0.11
  • Difficulty: Medium
Show
View Real Time Build Order
Export as new Build Order

Comments (0)

There are no comments. Be the first!

Create an account to comment!